 Dungeon Crawl Stone Soup version 0.30.1-11-g7821555f0a (webtiles) character file.

Game seed: 5228650434153265272

79 ChrisAssaf the Sneak (level 4, 0/33 HPs)
             Began as a Demonspawn Brigand on Dec 12, 2023.
             Was a Follower of Nemelex Xobeh.
             Slain by Natasha (9 damage)
             ... on level 2 of the Dungeon.
             The game lasted 00:05:11 (1610 turns).

ChrisAssaf the Sneak (Demonspawn Brigand)           Turns: 1610, Time: 00:05:12

Health: 0/33       AC:  3    Str: 12    XL:     4   Next: 16%
Magic:  4/4        EV:  9    Int: 14    God:    Nemelex Xobeh [*.....]
Gold:   144        SH:  7    Dex: 16    Spells: 3/3 levels left

rFire   . . .        a - +2 dagger (freeze)
rCold   . . .        j - +0 kite shield
rNeg    . . .        b - +0 robe
rPois   .            (helmet restricted)
rElec   .            c - +0 cloak
rCorr   .            (no gloves)
SInv    .            (no boots)
Will    .....        (no amulet)
Stlth   ++++         (no ring)
HPRegen 0.25/turn    (no ring)
MPRegen 0.09/turn

%: no passive effects
@: slowed, very slow
A: thin skeletal structure 1, demonic touch 1, horns 1
a: Renounce Religion, Draw Escape, Draw Destruction, Draw Summoning


You were on level 2 of the Dungeon.
You worshipped Nemelex Xobeh.
Nemelex Xobeh was aware of your devotion.
You visited 1 branch of the dungeon, and saw 2 of its levels.

You collected 164 gold pieces.
You spent 20 gold pieces at shops.

Inventory:

Hand Weapons
 a - a +2 dagger of freezing (weapon)
Missiles
 e - 3 curare-tipped darts
 g - 4 boomerangs (quivered)
 h - 3 datura-tipped darts
Armour
 b - a +0 robe (worn)
 c - a +0 cloak (worn)
 j - a +0 kite shield (worn)
Scrolls
 d - a scroll of fear {unknown}
 f - a scroll of silence
 k - a scroll of identify
Potions
 i - 2 potions of might


   Skills:
 * Level 2.3 Fighting
 * Level 2.2 Short Blades
 * Level 2.0 Throwing
 * Level 0.4 Armour
 * Level 1.4 Dodging
 * Level 4.4 Stealth
 * Level 0.2 Shields
 * Level 0.4 Spellcasting
 * Level 0.7 Invocations


You had 3 spell levels left.
You didn't know any spells.
Your spell library contained the following spells:

 Spells                   Type           Power      Damage    Failure   Level
 Shock                    Conj/Air       0%         1d3       77%         1
 Call Canine Familiar     Summ           0%         N/A       98%         3
 Portal Projectile        Hex/Tloc       0%         N/A       98%         3
 Swiftness                Air            0%         N/A       98%         3
 Airstrike                Air            0%         2d(0-16)  100%        4
 Leda's Liquefaction      Hex/Erth       0%         N/A       100%        4


Dungeon Overview and Level Annotations

Branches:
Dungeon (2/15)

Altars:
Nemelex Xobeh

Shops:
D:1 ?

Annotations:
D:2 Natasha


Innate Abilities, Weirdness & Mutations

You have a somewhat thin skeletal structure. (Dex +2, Stealth+)
Your touch may inflict minor irresistible damage on your foes.
You have a pair of small horns on your head.


Message History

Natasha casts a spell at you. You resist with some effort.
You block the adder's attack.
You miss the adder.
The adder is severely wounded.
The adder bites you.
You are poisoned.
The adder poisons you! Natasha casts a spell at you.
You feel yourself slow down.
You hit the adder but do no damage.
The adder is severely wounded.
You feel very sick. You block the adder's attack. The adder barely misses you.
You miss the adder.
The adder is severely wounded.
You feel sick. The adder bites you.
Natasha hisses.
The adder completely misses you. Natasha completely misses you.
The adder bites you but does no damage.
You hit the adder. You freeze the adder.
You kill the adder!
You feel sick. Natasha closely misses you.
Natasha casts a spell.
You feel sick.
You are no longer poisoned.
Natasha barely misses you.
You see here an adder corpse.
Natasha attacks as you move away! Natasha claws you.
Natasha casts a spell at you.
You feel as though you will be slow longer.
You closely miss Natasha. You headbutt Natasha, but do no damage.
Natasha claws you. You block the cerulean imp's attack.
You barely miss Natasha.
Natasha extends her claws.
Natasha claws you.
* * * LOW HITPOINT WARNING * * *
The cerulean imp hits you but does no damage.
Natasha claws you!
You die...
Your body disappears without a glow.

#........ #...... #........
#..... ##.##... #..... #. #...
#..... ####...## . .. .......'
... .. #####
#########..5####..#...........
#.......#...h@.........#..###.
#.......#...########...#..# #.
#.......##.#...# #.#..# #.
#.......<#.#...#######....# #.
#.......##................# #.
#...)...####...######..#..###.
######.## #...# #.[#>).... #.#
#...# #..#..#### #.# #####
#.....#...


You could see Natasha and a cerulean imp (summoned).

Vanquished Creatures
  Natasha (D:2)
  2 adders (D:2)
  A dart slug (D:2)
  4 endoplasms
  2 giant cockroaches
  2 goblins
  4 hobgoblins
  5 kobolds
  4 quokkas (D:1)
  4 ball pythons
  2 bats
  2 frilled lizards
  2 rats (D:1)
35 creatures vanquished.

Notes
Turn   | Place    | Note
-------+----------+-------------------------------------------
     0 | D:1      | ChrisAssaf the Demonspawn Brigand began the quest for the
                  | Orb.
     0 | D:1      | Reached XP level 1. HP: 16/16 MP: 1/1
   221 | D:1      | Reached skill level 1 in Dodging
   375 | D:1      | Gained mutation: You have a somewhat thin skeletal
                  | structure. (Dex +2, Stealth+) [demonic ancestry]
   375 | D:1      | Reached XP level 2. HP: 22/22 MP: 2/2
   393 | D:1      | Found a faded altar of an unknown god.
   404 | D:1      | Reached skill level 4 in Stealth
   406 | D:1      | Prayed at the altar of an unknown god.
   406 | D:1      | Became a worshipper of Nemelex Xobeh the Trickster
   406 | D:1      | Reached * piety under Nemelex Xobeh
   406 | D:1      | Received a gift from Nemelex Xobeh
   515 | D:1      | Found The Oracle's Delphic Readings.
   523 | D:1      | Bought a scroll of identify for 20 gold pieces
   524 | D:1      | Gained mutation: You have a pair of small horns on your
                  | head. [potion of mutation]
  1052 | D:2      | Gained mutation: Your touch may inflict minor irresistible
                  | damage on your foes. [demonic ancestry]
  1052 | D:2      | Reached XP level 3. HP: 27/27 MP: 3/3
  1407 | D:2      | Noticed Natasha
  1412 | D:2      | Killed Natasha
  1413 | D:2      | Reached XP level 4. HP: 24/33 MP: 4/4
  1600 | D:2      | Noticed Natasha
  1610 | D:2      | Slain by Natasha

Illustrated notes

Levels and vault maps discovered:
D:1:      sevenhm_arrival_forest_fort_small_4, layout_basic,
          basic_ecumenical_altar, palyth_stone_intersect, serial_park_tiny_pond,
          minmay_misc_feat_rows, nicolae_nh_oracle_at_delphi
D:2:      minmay_wonky_spiral, layout_basic, basic_altar,
          small_statue_intersection, hangedman_decor_clover_reticule,
          uniq_natasha

Skill      XL: |  1  2  3 |
---------------+----------+-----
Dodging        | 1 |  1.4
Stealth        | 4 |  4.4
Short Blades   | 2 |  2.2
Throwing       | 2 |  2.0
Fighting       | |  2.3
Armour         | |  0.4
Shields        | |  0.2
Spellcasting   | |  0.4
Invocations    | |  0.7

Action                     |  1- 3 |  4- 6 || total
---------------------------+-------+-------++-------
  Melee: Dagger            |    63 |     8 ||    71
         Headbutt          |     5 |     1 ||     6
  Throw: Dart              |    11 |       ||    11
         Boomerang         |    10 |     9 ||    19
    Use: Scroll            |     7 |       ||     7
         Potion            |     1 |       ||     1
   Stab: Sleeping          |    11 |       ||    11
 Armour: Robe              |     7 |     2 ||     9
  Dodge: Dodged            |    21 |     6 ||    27
  Block: Kite shield       |    15 |     4 ||    19
